 Dungeon Crawl Stone Soup version 0.29.1 (webtiles) character file.

Game seed: 12611005090326590350

2434 qw the Blocker (level 9, 0/72 (74) HPs)
             Began as a Minotaur Berserker on Sept 13, 2022.
             Was a Priest of Trog.
             Slain by a yak (6 damage)
             ... on level 6 of the Dungeon.
             The game lasted 00:02:11 (7691 turns).

qw the Blocker (Minotaur Berserker)                 Turns: 7691, Time: 00:02:12

HP:   0/72 (74)     AC: 11    Str: 26    XL:     9   Next: 24%
MP:   8/8           EV:  6    Int:  4    God:    Trog [***...]
Gold: 375           SH: 15    Dex: 10    Spells: 8/8 levels left

rFire   . . .      SeeInvis .   Y - +1 hand axe
rCold   . . .      Faith    .   c - +0 tower shield
rNeg    . . .      Spirit   .   g - +0 chain mail
rPois   .          Reflect  .   (helmet restricted)
rElec   .          Harm     .   n - +0 cloak
rCorr   .          Rampage  .   (no gloves)
Will    .....                   h - +0 pair of boots
Stlth   ..........              (no amulet)
HPRegen 0.22/turn               (no ring)
MPRegen 0.11/turn               (no ring)

@: lethally poisoned (0 -> -5), on berserk cooldown, slowed, lightly drained,
very slow
A: horns 2, retaliatory headbutt
a: Renounce Religion, Berserk, Trog's Hand


You were on level 6 of the Dungeon.
You worshipped Trog.
Trog was most pleased with you.
You visited 1 branch of the dungeon, and saw 7 of its levels.

You collected 375 gold pieces.


Innate Abilities, Weirdness & Mutations

You have a pair of horns on your head.
You reflexively headbutt those who attack you in melee.


   Skills:
 - Level 5.3 Fighting
 - Level 10.1 Axes
 - Level 1.2 Throwing
 - Level 3.9 Armour
 - Level 2.1 Dodging
 + Level 10.2 Shields


You had 8 spell levels left.
You didn't know any spells.
Your spell library was empty.

Inventory:

Hand Weapons
 o - a +0 morningstar
 Y - a +1 hand axe (weapon)
Armour
 c - a +0 tower shield (worn)
 g - a +0 chain mail (worn)
 h - a +0 pair of boots (worn)
 n - a +0 cloak (worn)
Scrolls
 i - a scroll of identify
Potions
 a - a potion of haste
 d - a potion of magic {unknown}
 k - a potion of resistance
 l - a potion of brilliance {unknown}

Dungeon Overview and Level Annotations

Branches:
Dungeon (7/15)             Temple (0/1) D:4

Altars:
Kikubaaqudgha
Makhleb
Sif Muna
Wu Jian
Yredelemnul
Zin

Shops:
D:3 (   D:5 *(


Message History

You slash the shadow imp! You block the shadow imp's attack.
You block the wight's attack. You block the scorpion's attack.
The shadow imp barely misses you.
A yak comes into view.
The wight hits you from afar with a +3 trident of freezing.
The wight freezes you.
The scorpion stings you but does no damage.
You hit the shadow imp.
You kill the shadow imp!
Trog accepts your kill.
You completely miss the scorpion.
The sentinel's mark upon you fades away.
The scorpion stings you. You block the wight's attack.
The scorpion stings you but does no damage.
The wight completely misses you.
You hit the scorpion. Your headbutt misses the scorpion.
The scorpion is heavily wounded.
You block the scorpion's attack. The wight hits you but does no damage.
The scorpion stings you but does no damage.
You hit the scorpion.
The scorpion is heavily wounded.
You block the wight's attack. You block the scorpion's attack.
The wight barely misses you. You block the scorpion's attack.
You slash the scorpion!
The scorpion is almost dead.
The scorpion stings you.
You are poisoned.
The scorpion poisons you! You block the wight's attack.
You block the scorpion's attack.
You hit the scorpion.
You kill the scorpion!
Trog accepts your kill.
You feel very sick.
The wight hits you from afar with a +3 trident of freezing.
The wight freezes you. The yak gores you. The wight barely misses you.
You feel your dexterity returning.
You barely miss the yak. You headbutt the yak, but do no damage.
You feel very sick. The yak barely misses you. The wight closely misses you.
The yak gores you.
You die...

... ........## #.## ....#
#######..#######..#
......#### #...........#
........(#
###.#######<###
.$...###.# #.##### #....
... #>#########.....#
#.### . #..))......####.#
#..# #..))%)....# .#
##.## .#...))@.z..# ..
#.## #......%Y)...### #.#
#)## ###............#
...#..#
##............#####...)/
((...............##.....
##############....#..###.
###....# ## #.##.# #
#.##.#####


You could see a yak and a wight.

Vanquished Creatures
  A wyvern (D:6)
  A water moccasin (D:7)
  3 sky beasts
  An ogre (D:6)
  2 black bears
  A centaur (D:6)
  6 phantoms
  Blork the orc (D:6)
  4 scorpions
  2 wights (D:6)
  2 jellies (D:6)
  2 orc priests
  4 hounds
  Jessica (D:3)
  An iguana (D:4)
  7 orc wizards
  8 gnolls
  4 adders
  A shadow imp (D:6)
  An ufetubus (D:5)
  2 worms
  2 dart slugs (D:2)
  33 orcs
  4 bats
  7 endoplasms
  2 giant cockroaches
  7 goblins
  7 hobgoblins
  5 quokkas
  A ball python (D:1)
  3 frilled lizards
  5 kobolds
  5 rats
136 creatures vanquished.

Vanquished Creatures (others)
  6 plants
6 creatures vanquished.

Grand Total: 142 creatures vanquished

Notes
Turn   | Place    | Note
-------+----------+-------------------------------------------
     0 | D:1      | qw the Minotaur Berserker began the quest for the Orb.
     0 | D:1      | Reached XP level 1. HP: 19/19 MP: 0/0
     0 | D:1      | 0 ||| qw: Version: 0.1-a-119-g272c26d
     0 | D:1      | 0 ||| qw: Game counter: 11137
     0 | D:1      | 0 ||| qw: Always use a shield: true
     0 | D:1      | 0 ||| qw: Do Orc after D:15 true
     0 | D:1      | 0 ||| qw: Do second Lair branch before Depths: true
     0 | D:1      | 0 ||| qw: Lair rune preference: random
     0 | D:1      | 0 ||| qw: Plans: Normal
     0 | D:1      | 0 ||| PLANNING D:1-11
    57 | D:1      | 57 ||| DROPPING +0 club.
   165 | D:1      | 165 ||| Stepping ~*~*~tactically~*~*~ (stealth).
   261 | D:1      | 261 ||| Stepping ~*~*~tactically~*~*~ (stealth).
   262 | D:1      | 262 ||| Stepping ~*~*~tactically~*~*~ (stealth).
   287 | D:1      | 287 ||| Stepping ~*~*~tactically~*~*~ (stealth).
   288 | D:1      | 288 ||| Stepping ~*~*~tactically~*~*~ (stealth).
   303 | D:1      | Reached XP level 2. HP: 14/26 MP: 1/1
   984 | D:1      | 984 ||| Stepping ~*~*~tactically~*~*~ (stealth).
   985 | D:1      | 985 ||| Stepping ~*~*~tactically~*~*~ (stealth).
  1157 | D:1      | 1157 ||| UPGRADING to +0 tower shield.
  1162 | D:1      | 1162 ||| READING scroll labelled OGOPSE AMPIRR.
  1163 | D:1      | 1163 ||| READING scroll labelled NORONO EKKO.
  1308 | D:1      | 1308 ||| READING scroll labelled QEHUNG AFIN.
  1309 | D:1      | 1309 ||| READING scroll labelled COUFEO PERU.
  1353 | D:2      | 1353 ||| STAIRDANCE
  1360 | D:2      | 1360 ||| STAIRDANCE
  1364 | D:1      | 1364 ||| INVOKING Berserk.
  1518 | D:2      | 1518 ||| STAIRDANCE
  1609 | D:2      | Reached skill level 1 in Shields
  1609 | D:2      | Reached XP level 3. HP: 31/31 MP: 2/2
  1652 | D:2      | 1652 ||| DROPPING +0 whip.
  1655 | D:2      | Found an ornate altar of the Wu Jian Council.
  1701 | D:2      | 1701 ||| Stepping ~*~*~tactically~*~*~ (stealth).
  1710 | D:2      | 1710 ||| INVOKING Berserk.
  2019 | D:2      | 2019 ||| Stepping ~*~*~tactically~*~*~ (stealth).
  2021 | D:2      | 2021 ||| Stepping ~*~*~tactically~*~*~ (stealth).
  2024 | D:2      | 2024 ||| Stepping ~*~*~tactically~*~*~ (stealth).
  2026 | D:2      | 2026 ||| Stepping ~*~*~tactically~*~*~ (stealth).
  2250 | D:2      | 2250 ||| Stepping ~*~*~tactically~*~*~ (stealth).
  2253 | D:2      | 2253 ||| Stepping ~*~*~tactically~*~*~ (stealth).
  2256 | D:2      | 2256 ||| Stepping ~*~*~tactically~*~*~ (hiding).
  2257 | D:2      | 2257 ||| Stepping ~*~*~tactically~*~*~ (hiding).
  2595 | D:2      | 2595 ||| UPGRADING to +0 chain mail.
  2605 | D:2      | 2605 ||| DROPPING +0 animal skin.
  2606 | D:2      | 2606 ||| READING scroll labelled GEAPRU HAAROU.
  2707 | D:3      | Found a faded altar of an unknown god.
  2818 | D:3      | 2818 ||| Stepping ~*~*~tactically~*~*~ (hiding).
  2823 | D:3      | Found a shimmering blue altar of Sif Muna.
  2832 | D:3      | 2832 ||| INVOKING Berserk.
  2836 | D:3      | Reached skill level 3 in Shields
  2836 | D:3      | Reached XP level 4. HP: 39/39 MP: 3/3
  3050 | D:3      | Found Xazximyoxe's Antique Weapon Boutique.
  3057 | D:3      | 3057 ||| SHOPLISTING sapphire whip (202 gold, have 74).
  3085 | D:3      | Noticed Jessica
  3092 | D:3      | Killed Jessica
  3092 | D:3      | Reached ** piety under Trog
  3438 | D:3      | 3438 ||| READING 3 scrolls labelled ARGHAST SUROG.
  3539 | D:3      | 3539 ||| READING scroll labelled TUPEJIVOTE.
  3540 | D:3      | 3540 ||| READING scroll labelled ESOAHO FIFO.
  3541 | D:3      | 3541 ||| READING 2 scrolls of identify.
  3541 | D:3      | 3541 ||| IDENTIFYING murky clear potion
  3542 | D:3      | 3542 ||| DROPPING potion of lignification.
  3543 | D:3      | 3543 ||| DROPPING 2 scrolls of silence.
  3559 | D:4      | Noticed a scorpion
  3571 | D:4      | Killed a scorpion
  3572 | D:4      | Reached XP level 5. HP: 30/45 MP: 4/4
  3572 | D:4      | 3572 ||| STAIRDANCE
  3761 | D:4      | 3761 ||| INVOKING Berserk.
  3770 | D:4      | Reached skill level 6 in Shields
  3772 | D:4      | Reached XP level 6. HP: 38/51 MP: 5/5
  3976 | D:4      | Noticed a sky beast
  3978 | D:4      | 3978 ||| Stepping ~*~*~tactically~*~*~ (stealth).
  3982 | D:4      | 3982 ||| FLEEEEING.
  3983 | D:4      | 3983 ||| FLEEEEING.
  3984 | D:4      | 3984 ||| FLEEEEING.
  3985 | D:4      | 3985 ||| FLEEEEING.
  3986 | D:4      | 3986 ||| FLEEEEING.
  3987 | D:4      | 3987 ||| FLEEEEING.
  3988 | D:4      | 3988 ||| FLEEEEING.
  3991 | D:4      | Killed a sky beast
  3992 | D:4      | 3992 ||| FLEEEEING.
  3993 | D:4      | 3993 ||| FLEEEEING.
  3994 | D:4      | 3994 ||| FLEEEEING.
  3995 | D:4      | 3995 ||| FLEEEEING.
  3996 | D:4      | 3996 ||| FLEEEEING.
  3997 | D:4      | 3997 ||| FLEEEEING.
  3998 | D:4      | 3998 ||| FLEEEEING.
  3999 | D:4      | 3999 ||| FLEEEEING.
  4000 | D:4      | 4000 ||| FLEEEEING.
  4001 | D:4      | 4001 ||| FLEEEEING.
  4008 | D:4      | 4008 ||| STAIRDANCE
  4240 | D:4      | 4240 ||| Stepping ~*~*~tactically~*~*~ (stealth).
  4346 | D:4      | Found a staircase to the Ecumenical Temple.
  4368 | D:4      | Reached XP level 7. HP: 49/57 MP: 6/6
  4474 | D:4      | Found a basalt altar of Yredelemnul.
  4548 | D:4      | Reached skill level 6 in Axes
  4851 | D:4      | Found a glowing silver altar of Zin.
  4852 | D:4      | Noticed an angel
  4855 | D:4      | 4855 ||| UPGRADING to +0 cloak.
  4860 | D:4      | 4860 ||| READING scroll labelled OMNOOS OCZEWA.
  4861 | D:4      | 4861 ||| READING scroll labelled JUATIFU KUOMM.
  4866 | D:4      | 4866 ||| READING 2 scrolls of identify.
  4866 | D:4      | 4866 ||| IDENTIFYING fuming clear potion
  4877 | D:5      | Entered Level 5 of the Dungeon
  4912 | D:5      | Reached skill level 1 in Throwing
  4991 | D:5      | 4991 ||| Stepping ~*~*~tactically~*~*~ (hiding).
  4992 | D:5      | 4992 ||| Stepping ~*~*~tactically~*~*~ (hiding).
  4993 | D:5      | 4993 ||| Stepping ~*~*~tactically~*~*~ (hiding).
  4994 | D:5      | 4994 ||| Stepping ~*~*~tactically~*~*~ (hiding).
  4995 | D:5      | 4995 ||| Stepping ~*~*~tactically~*~*~ (hiding).
  5164 | D:5      | 5164 ||| DROPPING +0 flail.
  5172 | D:5      | Found Paicu's Gadget Gallery.
  5177 | D:5      | 5177 ||| SHOPLISTING wand of digging (6) (327 gold, have
                  | 297).
  5242 | D:5      | 5242 ||| Stepping ~*~*~tactically~*~*~ (hiding).
  5340 | D:5      | Found Offinor's Weapon Emporium.
  5387 | D:5      | Found an ancient bone altar of Kikubaaqudgha.
  5648 | D:5      | Found a burning altar of Makhleb.
  5664 | D:5      | 5664 ||| Stepping ~*~*~tactically~*~*~ (stealth).
  5673 | D:5      | 5673 ||| INVOKING Berserk.
  5685 | D:5      | 5685 ||| Stepping ~*~*~tactically~*~*~ (stealth).
  5686 | D:5      | 5686 ||| Stepping ~*~*~tactically~*~*~ (stealth).
  5938 | D:5      | 5938 ||| UPGRADING to +0 pair of boots.
  5943 | D:5      | 5943 ||| READING 2 scrolls labelled REFURI EPLULA.
  5944 | D:5      | 5944 ||| READING scroll labelled DAEXUP QOLAU.
  5945 | D:5      | 5945 ||| DRINKING 2 clear potions.
  5946 | D:5      | 5946 ||| DRINKING 2 pink potions.
  5947 | D:5      | 5947 ||| DRINKING 2 silvery potions.
  5948 | D:5      | 5948 ||| DROPPING scroll of fog.
  5949 | D:5      | 5949 ||| DROPPING potion of attraction.
  6007 | D:6      | 6007 ||| Stepping ~*~*~tactically~*~*~ (hiding).
  6009 | D:6      | 6009 ||| Stepping ~*~*~tactically~*~*~ (stealth).
  6029 | D:6      | 6029 ||| INVOKING Berserk.
  6049 | D:6      | 6049 ||| FLEEEEING.
  6056 | D:6      | 6056 ||| STAIRDANCE
  6198 | D:6      | You fall into a shaft and drop 1 floor!
  6199 | D:7      | Reached skill level 9 in Shields
  6199 | D:7      | Reached XP level 8. HP: 60/64 MP: 7/7
  6665 | D:7      | 6665 ||| Stepping ~*~*~tactically~*~*~ (stealth).
  6666 | D:7      | 6666 ||| DRINKING 2 sedimented cyan potions.
  6667 | D:7      | 6667 ||| READING 2 scrolls of identify.
  6667 | D:7      | 6667 ||| IDENTIFYING dark potion
  6681 | D:7      | 6681 ||| Stepping ~*~*~tactically~*~*~ (stealth).
  6700 | D:7      | 6700 ||| INVOKING Berserk.
  6704 | D:7      | Reached skill level 3 in Armour
  6882 | D:7      | 6882 ||| DROPPING potion of degeneration.
  6913 | D:6      | 6913 ||| INVOKING Berserk.
  7225 | D:6      | Reached skill level 9 in Axes
  7265 | D:6      | 7265 ||| Stepping ~*~*~tactically~*~*~ (stealth).
  7288 | D:6      | 7288 ||| INVOKING Berserk.
  7300 | D:6      | 7300 ||| DRINKING potion of curing.
  7300 | D:6      | 7300 ||| (to cure confusion)
  7302 | D:6      | HP: 8/67 [orc priest/divine providence (11)]
  7302 | D:6      | HP: 3/67 [something/magic dart (5)]
  7303 | D:6      | 7303 ||| DRINKING potion of heal wounds.
  7308 | D:6      | HP: 8/67 [something/puff of flame (7)]
  7310 | D:6      | HP: 2/67 [something/puff of flame (7)]
  7649 | D:6      | 7649 ||| FLEEEEING.
  7658 | D:6      | Noticed Blork the orc
  7660 | D:6      | 7660 ||| INVOKING Berserk.
  7663 | D:6      | Reached XP level 9. HP: 74/74 MP: 8/8
  7668 | D:6      | Killed Blork the orc
  7686 | D:6      | Reached *** piety under Trog
  7690 | D:6      | HP: 17/70 [poisoned by a scorpion]
  7691 | D:6      | HP: 6/72 [poisoned by a scorpion]
  7691 | D:6      | Slain by a yak

Levels and vault maps discovered:
D:1:      ebering_trefoil_twist, layout_loops_corners
D:2:      layout_rooms, basic_altar, lightli_corner_chamber
D:3:      layout_basic, old_standard_altar, serial_shops, shop,
          shapermc_ecumenical_altar_mp_highgroup, uniq_jessica
D:4:      cheibrodos_pilgrimage, layout_basic, yredelemnul_altar_generic,
          zin_angel, minmay_temple_entry_grid, serial_bayou_pond_c
D:5:      layout_loops_cross, mainiacjoe_overflow_six_doors_small,
          mainiacjoe_overflow_concentric_impassable, serial_bayou,
          serial_bayou_shore_b, serial_bayou_pond_b, serial_bayou_shore_b,
          serial_bayou_pond_c, serial_shops, nicolae_shop_bloodbath_and_beyond,
          nicolae_shop_gadgets
D:6:      minmay_chambers_of_fours, layout_rooms, uniq_blork_the_orc
D:7:      layout_loops_corners, uniq_joseph, uniq_maggie

Skill      XL: |  1  2  3  4  5  6  7  8  9 |
---------------+----------------------------+-----
Axes           | 4 5 7 9 10 | 10.1
Shields        | 1 3 5 6 7 9 10 | 10.2
Throwing       | 1 |  1.2
Fighting       | 5 |  5.3
Armour         | 3 |  3.9
Dodging        | |  2.1

Action                   |  1- 3 |  4- 6 |  7- 9 || total
-------------------------+-------+-------+-------++-------
Melee: Hand axe          |    89 |    85 |   274 ||   448
       Headbutt          |    11 |    13 |    31 ||    55
Throw: Javelin           |    31 |     8 |    15 ||    54
Invok: Berserk           |     3 |     1 |     6 ||    10
  Use: Scroll            |     5 |     4 |     6 ||    15
       Potion            |       |       |     6 ||     6
Armor: Animal skin       |    10 |       |       ||    10
       Chain mail        |     7 |    30 |   130 ||   167
Dodge: Dodged            |    32 |     5 |    48 ||    85
Block: Tower shield      |    26 |    59 |   221 ||   306

Table legend:
 A = Non-vault XP
 B = Vault XP
 C = Vault XP percentage of total XP
 D = Non-vault monster count
 E = Vault monster count
 F = Vault count percentage of total count
                 A         B        C        D         E       F
            +---------+---------+-------+---------+---------+-------
      Total |    2942 |     536 |  15.4 |     122 |      14 |  10.3
            +---------+---------+-------+---------+---------+-------
        D:1 |      39 |       0 |   0.0 |      23 |       0 |   0.0
        D:2 |      44 |       0 |   0.0 |      16 |       0 |   0.0
        D:3 |      54 |      37 |  40.7 |       9 |       1 |  10.0
        D:4 |     595 |     121 |  16.9 |      13 |       7 |  35.0
        D:5 |     397 |      40 |   9.2 |      21 |       1 |   4.5
        D:6 |    1282 |     338 |  20.9 |      31 |       5 |  13.9
        D:7 |     531 |       0 |   0.0 |       9 |       0 |   0.0
            +---------+---------+-------+---------+---------+-------
